 Dungeon Crawl Stone Soup version 0.28-a0-769-g550dbda0cd (webtiles) character file.

Game seed: 14024338630828032052

62 willcat the Sneak (level 4, 0/35 HPs)
             Began as a Human Delver on Nov 1, 2021.
             Slain by a bullfrog (6 damage)
             ... on level 6 of the Dungeon.
             The game lasted 00:00:49 (843 turns).

willcat the Sneak (Human Delver)                     Turns: 843, Time: 00:00:50

Health: 0/35       AC:  3    Str: 14    XL:     4   Next: 28%
Magic:  4/4        EV: 12    Int: 10    God:
Gold:   0          SH:  0    Dex: 14    Spells: 3/3 levels left

rFire   . . .      SeeInvis .   a - +0 falchion
rCold   . . .      Faith    .   (no shield)
rNeg    . . .      Spirit   .   b - +0 leather armour
rPois   .          Reflect  .   (no helmet)
rElec   .          Harm     .   (no cloak)
rCorr   .          Rampage  .   (no gloves)
Will    .....                   (no boots)
Stlth   +++.......              (no amulet)
HPRegen 0.11/turn               (no ring)
MPRegen 0.09/turn               (no ring)

@: no status effects
A: no striking features
a: no special abilities


You were on level 6 of the Dungeon.
You visited 1 branch of the dungeon, and saw 2 of its levels.

Inventory:

Hand Weapons
 a - a +0 falchion (weapon)
Missiles
 m - 2 atropa-tipped darts (quivered)
Armour
 b - a +0 leather armour (worn)
Wands
 e - a wand of iceblast (10)
 g - a wand of digging (3)
Scrolls
 c - a scroll of fog
 d - a scroll of magic mapping
 i - a scroll of holy word {unknown}
 j - 2 scrolls of identify {unknown}
Potions
 f - a potion of haste
 h - a potion of might {unknown}
 k - a potion of flight {unknown}
 l - a potion of berserk rage {unknown}


   Skills:
 - Level 3.0 Fighting
 + Level 2.9 Long Blades
 + Level 2.9 Dodging
 + Level 5.5 Stealth


You had 3 spell levels left.
You didn't know any spells.
Your spell library was empty.

Dungeon Overview and Level Annotations

Branches:
Dungeon (6/15)
 Temple: D:4-7

Altars:


Message History

You throw an atropa-tipped dart.
The atropa-tipped dart barely misses the ogre.
A two-headed ogre comes into view. It is wielding two +0 giant clubs.
The two-headed ogre shouts in stereo!
As you read the scroll of fear, it crumbles to dust.
You assume a fearsome visage.
The two-headed ogre looks frightened!
The ogre looks frightened!
The two-headed ogre shouts, "No!
I'll never do that again!"
An iguana comes into view.
There is a stone staircase leading down here.
You climb downwards.
There is a stone staircase leading up here.
Unknown command.
j - 2 scrolls labelled BUSOLUSEFU (gained 1)
e - a wand of iceblast (10)
Found a stone staircase leading down.
There is a stone staircase leading down here.
A bullfrog comes into view.
The helpless bullfrog fails to defend itself.
You slash the bullfrog!
The bullfrog is moderately wounded.
The bullfrog hits you. x2
You closely miss the bullfrog.
The bullfrog is moderately wounded.
The bullfrog hits you.
You hit the bullfrog.
The bullfrog is heavily wounded.
The bullfrog hits you. x2
You closely miss the bullfrog.
The bullfrog is heavily wounded.
The bullfrog hits you. The bullfrog barely misses you.
You closely miss the bullfrog.
The bullfrog is heavily wounded.
The bullfrog barely misses you. The bullfrog hits you.
You slash the bullfrog!
The bullfrog is severely wounded.
The bullfrog hits you!
* * * LOW HITPOINT WARNING * * *
The bullfrog hits you.
You die...

#..... ....#.#
....... .......
.......### ### ##
.......#8###⌠###8##
#.................##
#F@..........8#
#............##
###8###8##...# ###
####...## #8...8#
##...## #...#
##...## #8...8#


You could see a bullfrog.

Vanquished Creatures
  A bullfrog skeleton (D:5)
  An iguana (D:5)
  An adder (D:5)
3 creatures vanquished.

Notes
Turn   | Place    | Note
-------+----------+-------------------------------------------
     0 | D:5      | willcat the Human Delver began the quest for the Orb.
     0 | D:5      | Reached XP level 1. HP: 18/18 MP: 1/1
    29 | D:5      | Reached XP level 2. HP: 2/24 MP: 2/2
    29 | D:5      | Reached XP level 3. HP: 3/29 MP: 3/3
   352 | D:5      | Noticed an ogre
   394 | D:5      | Reached XP level 4. HP: 9/35 MP: 4/4
   768 | D:5      | Noticed a two-headed ogre
   831 | D:6      | Noticed a bullfrog
   843 | D:6      | Slain by a bullfrog

Illustrated notes

Levels and vault maps discovered:
D:5:      layout_basic, uniq_eustachio
D:6:      layout_loops_ring, jmf_multi_god_temple, corexii_hall_statues_l,
          palyth_stone_intersect

Action                   |  1- 3 |  4- 6 || total
-------------------------+-------+-------++-------
Melee: Falchion          |    18 |    16 ||    34
Throw: Dart              |       |     1 ||     1
  Use: Scroll            |       |     1 ||     1
 Stab: Sleeping          |       |     1 ||     1
Armor: Leather armour    |       |     4 ||     4
Dodge: Dodged            |    14 |     8 ||    22

Table legend: (Time is in decaauts)
 A = Elapsed time spent in this place.
 B = Non-inter-level travel time spent in this place.
 C = Inter-level travel time spent in this place.
 D = Time resting spent in this place.
 E = Time spent auto-exploring this place.
 F = Levels seen in this place.
 G = Mean time per level.
                   A        B        C        D        E       F      G
               +--------+--------+--------+--------+--------+-----+--------+
         Total |    848 |    848 |      0 |    487 |    211 |   2 |  424.0 |
       Dungeon |    848 |    848 |      0 |    487 |    211 |   2 |  424.0 |
               +--------+--------+--------+--------+--------+-----+--------+

Top non-repeatable levels by time:
     D:5: 798 daAuts
     D:6: 50 daAuts
